 Dungeon Crawl Stone Soup version 0.28.0-45-g0d030f2227 (webtiles) character file.

Game seed: 6455766358095548968

102 101zpm the Chiller (level 4, -8/34 HPs)
             Began as a Draconian Ice Elementalist on Apr 18, 2022.
             Mangled by Sigmund
             ... wielding a +4 scythe of venom
              (13 damage)
             ... on level 2 of the Dungeon on Apr 19, 2022.
             The game lasted 00:06:45 (3465 turns).

101zpm the Chiller (Draconian Ice Elementalist)     Turns: 3465, Time: 00:06:46

Health: -8/34      AC:  5    Str: 10    XL:     4   Next: 49%
Magic:  6/7        EV: 12    Int: 18    God:
Gold:   89         SH:  0    Dex: 11    Spells: 1/8 levels left

rFire   . . .      SeeInvis .     - Unarmed
rCold   . . .      Faith    .   (no shield)
rNeg    . . .      Spirit   .   (armour unavailable)
rPois   .          Reflect  .   (helmet restricted)
rElec   .          Harm     .   (no cloak)
rCorr   .          Rampage  .   (no gloves)
Will    .....                   (no boots)
Stlth   +.........              (no amulet)
HPRegen 0.11/turn               (no ring)
MPRegen 0.10/turn               (no ring)

@: confused, lethally poisoned (-8 -> -17), very slightly contaminated
A: AC +5, unfitting armour, cold-blooded
a: no special abilities


You were on level 2 of the Dungeon.
You visited 1 branch of the dungeon, and saw 4 of its levels.

You collected 89 gold pieces.

Inventory:

Scrolls
 b - a scroll of amnesia {unknown}
 c - 5 scrolls of immolation {unknown}
 e - a scroll of teleportation {unknown}
 f - a scroll of vulnerability {unknown}
 g - a scroll of fog {unknown}
 i - a scroll of holy word {unknown}
 k - a scroll of enchant weapon {unknown}
 l - a scroll of identify {unknown}
Potions
 a - a potion of magic {unknown}
 d - 2 potions of haste {unknown}
 h - a potion of curing {unknown}
 j - 3 potions of heal wounds {unknown}


   Skills:
 + Level 0.8 Fighting
 + Level 2.1 Dodging
 + Level 2.5 Stealth
 + Level 1.6 Unarmed Combat
 + Level 2.6 Spellcasting
 + Level 4.5 Ice Magic


You had one spell level left.
You knew the following spells:

 Your Spells              Type           Power      Damage    Failure   Level
a - Freeze                Ice            72%        1d9       2%          1
b - Frozen Ramparts       Ice            36%        1d5       8%          3
c - Ozocubu's Armour      Ice            18%        N/A       8%          3

Your spell library contained the following spells:

 Spells                   Type           Power      Damage    Failure   Level
 Dazzling Flash           Conj/Hex       4%         N/A       45%         3
 Hailstorm                Conj/Ice       10%        3d5       54%         4
 Agony                    Necr           2%         N/A       99%         5
 Silence                  Hex/Air        1%         N/A       99%         5


Dungeon Overview and Level Annotations

Branches:
Dungeon (4/15)
 Temple: D:4-7

Altars:
Fedhas
Hepliaklqana
Ru
Vehumet
Wu Jian
Xom

Shops:
D:1 ([!

Annotations:
D:2 Natasha, Sigmund


Innate Abilities, Weirdness & Mutations

Your plain brown scales are hard. (AC +5)
You cannot fit into any form of body armour.
You are cold-blooded and may be slowed by cold attacks.


Message History

Done exploring.
Search for what [Enter for "."]? .
(D) Dungeon
Where to? (Enter - D:6, ? - help)
Okay, then.
(D) Dungeon
Where to? (Enter - D:6, ? - help)
What level of the Dungeon? (default 1, ? - help)
You climb downwards.
Level annotation: Natasha, Sigmund
There is a stone staircase leading up here.
You hear some strange, mumbled words.
A puff of flame appears from out of thin air!
Deactivating autopickup; reactivate with Ctrl-A.
The puff of flame hits you.
Aiming: Freeze (safe; 2% risk of failure)
Press: ? - help, Q - select action, (/) - cycle Shift-Dir - straight line, f - you That would be overly suicidal.
Okay, then.
Aiming: Freeze (safe; 2% risk of failure)
Press: ? - help, Q - select action, (/) - cycle Shift-Dir - straight line You miscast Freeze.
You are very lightly contaminated with residual magic.
Nothing appears to happen.
You hear some strange, mumbled words.
You are confused.
You're too confused to cast spells.
You are too confused!
You're too confused to move!
Something hits you.
You are poisoned.
You closely miss something.
Your tail-slap misses something.
You feel sick.
You feel sick. Something hits you!
You are lethally poisoned!
You feel very sick.
* * * LOW HITPOINT WARNING * * *
You feel very sick.
* * * LOW HITPOINT WARNING * * *
You feel very sick. Something hits you!
You die...

### #.# #.## #### ####..###
#..#
>.......#######..#########
...................#.....##
.....##.#####...@.........##
.######..# #..(............#
.# ##.# #.....<.........# .#
#.###...............# ##
#..##.............>.# .#
##.##...............# .#
#........)........## .#
######..........)## .#
#####..###.##


There were no monsters in sight!

Vanquished Creatures
  Natasha (D:2)
  2 adders (D:2)
  A dart slug (D:1)
  A worm (D:3)
  An orc (D:3)
  3 endoplasms
  4 giant cockroaches
  7 goblins
  3 hobgoblins
  2 quokkas
  8 ball pythons
  9 bats
  4 frilled lizards
  2 kobolds
  8 rats
56 creatures vanquished.

Notes
Turn   | Place    | Note
-------+----------+-------------------------------------------
     0 | D:1      | 101zpm the Draconian Ice Elementalist began the quest for
                  | the Orb.
     0 | D:1      | Reached XP level 1. HP: 14/14 MP: 3/3
   619 | D:1      | Reached XP level 2. HP: 18/20 MP: 3/5
  1002 | D:1      | Found Emuh's Weapon Boutique.
  1133 | D:1      | Found Yhannoic's Armour Shoppe.
  1264 | D:1      | Found Habo's Distillery.
  1344 | D:1      | Reached XP level 3. HP: 19/27 MP: 6/6
  1985 | D:2      | Reached skill level 1 in Unarmed Combat
  2245 | D:2      | Noticed Sigmund
  2315 | D:3      | Found a hazy altar of Hepliaklqana.
  2315 | D:3      | Found a shimmering altar of Xom.
  2322 | D:3      | Found a sacrificial altar of Ru.
  2325 | D:3      | Found a blossoming altar of Fedhas.
  2327 | D:3      | Found a radiant altar of Vehumet.
  2332 | D:3      | Found an ornate altar of the Wu Jian Council.
  2524 | D:2      | Noticed Natasha
  2530 | D:2      | Killed Natasha
  2531 | D:2      | Reached XP level 4. HP: 2/34 MP: 3/7
  2575 | D:2      | Noticed Natasha
  3341 | D:3      | Found a faded altar of an unknown god.
  3424 | D:2      | Learned a level 3 spell: Frozen Ramparts
  3428 | D:2      | Learned a level 3 spell: Ozocubu's Armour
  3465 | D:2      | Mangled by Sigmund

Illustrated notes

Levels and vault maps discovered:
D:1:      dpeg_arrival_ratfight, layout_basic, serial_shops, shop,
          shop_fountains, nicolae_shop_bloodbath_and_beyond,
          hangedman_decor_peaks_small, minmay_misc_feat_tower
D:2:      layout_rooms, uniq_terence, uniq_natasha, uniq_sigmund
D:3:      layout_basic, nicolae_overflow_hallway_of_the_gods,
          basic_ecumenical_altar, grunt_ministairs_11
D:4:      layout_rooms, minmay_temple_entry_grid, kennysheep_generic_room_11

Skill      XL: |  1  2  3 |
---------------+----------+-----
Stealth        | 2 |  2.5
Unarmed Combat | 1 |  1.6
Dodging        | 2 |  2.1
Fighting       | |  0.8
Spellcasting   | |  2.6
Ice Magic      | |  4.5

Action                   |  1- 3 |  4- 6 || total
-------------------------+-------+-------++-------
Melee: Unarmed           |   174 |    31 ||   205
       Tailslap          |    19 |     2 ||    21
       Punch             |     3 |       ||     3
 Cast: Freeze            |    21 |    22 ||    43
 Stab: Sleeping          |     7 |       ||     7
Armor: Skin              |    77 |    18 ||    95
Dodge: Dodged            |   147 |    21 ||   168
